 Dungeon Crawl Stone Soup version 0.24-a0-250-g6074511 (webtiles) character file.

Game seed: 7239467989738787620

25 Lanoc the Cudgeler (level 2, -3/43 HPs)
             Began as a Troll Berserker on Apr 15, 2019.
             Was a Follower of Trog.
             Slain by a centaur (5 damage)
             ... on level 3 of the Dungeon.
             The game lasted 00:01:04 (386 turns).

Lanoc the Cudgeler (Troll Berserker)                 Turns: 386, Time: 00:01:05

Health: -3/43      AC:  6    Str: 29    XL:     2   Next: 82%
Magic:  1/1        EV: 10    Int:  3    God:    Trog [*.....]
Gold:   25         SH:  0    Dex:  9    Spells: 1/1 levels left

rFire    . . .     SeeInvis .   a - +0 mace
rCold    . . .     Gourm    +   (no shield)
rNeg     . . .     Faith    .   b - +0 animal skin
rPois    .         Spirit   .   (helmet restricted)
rElec    .         Reflect  .   (no cloak)
rCorr    .         Harm     .   (gloves unavailable)
MR       .....                  (boots unavailable)
Stlth    ..........             (no amulet)
HPRegen  0.54/turn              f - ring of attention (curse)
MPRegen  0.07/turn              (no ring)

@: berserking, very quick
A: large, unfitting armour, claws 3, fast metabolism 3, gourmand, regeneration
1, shaggy fur 1, tough skin 3
a: Berserk, Renounce Religion


You were on level 3 of the Dungeon.
You worshipped Trog.
Trog was aware of your devotion.
You were very full.

You visited 1 branch of the dungeon, and saw 3 of its levels.

You collected 25 gold pieces.

Inventory:

Hand Weapons
 a - a +0 mace (weapon)
Armour
 b - a +0 animal skin (worn)
Jewellery
 f - a cursed ring of attention (left claw)
Scrolls
 e - a scroll of blinking {unknown}
 g - a scroll of amnesia {unknown}
Comestibles
 c - 3 rations


   Skills:
 + Level 2.6 Fighting
 * Level 3.2 Maces & Flails
 + Level 2.6 Dodging


You had one spell level left.
You didn't know any spells.
Your spell library was empty.

Dungeon Overview and Level Annotations

Branches:
Dungeon (3/15)

Altars:

Annotations:
D:3 1 runed translucent door, Crazy Yiuf


Innate Abilities, Weirdness & Mutations

You are too large for most types of armour.
You have claws for hands.
Your metabolism is lightning-fast.
You like to eat raw meat.
Your natural rate of healing is unusually fast.
You are covered in fur. (AC +1)
You have extremely tough skin. (AC +3)


Message History

The centaur wields a +0 shortbow of velocity.
The centaur shoots an arrow.
The arrow hits you!
The centaur shoots an arrow.
The arrow hits you!
* * * LOW HITPOINT WARNING * * *
x2 You see here an arrow.
The centaur unwields a +0 shortbow of velocity.
The centaur closely misses you. The centaur barely misses you.
A red film seems to cover your vision as you go berserk!
You feel yourself moving faster!
You feel mighty!
The centaur hits you but does no damage.
You thump the centaur!
The centaur is moderately wounded.
The centaur hits you.
* * * LOW HITPOINT WARNING * * *
You closely miss the centaur.
The centaur is moderately wounded.
The centaur hits you.
* * * LOW HITPOINT WARNING * * *
The centaur hits you.
You die...

## .. .########
.#......##♣♣
.#.####....♣♣ ♣
####.#.#........♣♣♣♣
#.(@c#.#.##......♣..
#.##.#.#.#......♣.♣♣
#.# ##......##♣♣♣♣♣
#.# ###.#.## #.#
#.#..### ####
#.######.####.###...
#...................
########.####.###.##
#............


You could see a centaur.

Vanquished Creatures
  An adder (D:3)
  A worm (D:3)
  A ball python (D:3)
  A bat (D:1)
  A hobgoblin (D:2)
  4 jackals (D:2)
  2 kobolds
  2 rats
13 creatures vanquished.

Notes
Turn   | Place    | Note
-------+----------+-------------------------------------------
     0 | D:1      | Lanoc the Troll Berserker began the quest for the Orb.
     0 | D:1      | Reached XP level 1. HP: 22/22 MP: 0/0
    35 | D:2      | Reached skill level 3 in Maces & Flails
    88 | D:2      | Reached XP level 2. HP: 29/29 MP: 1/1
   352 | D:3      | Found a runed translucent door.
   353 | D:3      | Noticed Crazy Yiuf
   381 | D:3      | Noticed a centaur
   386 | D:3      | HP: 2/43 [centaur (3)]
   386 | D:3      | Slain by a centaur

Levels and vault maps discovered:
D:1:      shiori_arrival_maze, layout_basic
D:2:      layout_rooms
D:3:      layout_basic, uniq_crazy_yiuf_cottage

Skill      XL: |  1 |
---------------+----+-----
Maces & Flails | 3 |  3.2
Fighting       | |  2.6
Dodging        | |  2.6

Action                   || total
-------------------------++-------
Melee: Mace              ||    49
Invok: Berserk           ||     3
  Use: Scroll            ||     1
  Eat: Chunk             ||    11
Armor: Animal skin       ||    31
Dodge: Dodged            ||    44

Table legend:
 A = Non-vault XP
 B = Vault XP
 C = Vault XP percentage of total XP
 D = Non-vault monster count
 E = Vault monster count
 F = Vault count percentage of total count
                 A         B        C        D         E       F
            +---------+---------+-------+---------+---------+-------
      Total |      36 |       0 |   0.0 |      13 |       0 |   0.0
            +---------+---------+-------+---------+---------+-------
        D:1 |       2 |       0 |   0.0 |       1 |       0 |   0.0
        D:2 |      12 |       0 |   0.0 |       7 |       0 |   0.0
        D:3 |      22 |       0 |   0.0 |       5 |       0 |   0.0
            +---------+---------+-------+---------+---------+-------
